 Dungeon Crawl Stone Soup version 0.31.0-1-g2c135a008e (webtiles) character file.

Game seed: 11407473444444339987

4 qw the Shooter (level 1, -1/18 HPs)
             Began as a Djinni Hunter on Jan 23, 2024.
             Slain by a goblin
             ... wielding a +0 club
              (2 damage)
             ... on level 1 of the Dungeon.
             The game lasted 00:00:00 (154 turns).

qw the Shooter (Djinni Hunter)                       Turns: 154, Time: 00:00:00

Health: -1/18      AC:  3    Str: 10    XL:     1   Next: 77%
Gold:   23         EV: 12    Int: 10    God:
                   SH:  0    Dex: 16

rFire   + + .        a - +0 shortbow
rCold   x . .        (shield currently unavailable)
rNeg    . . .        c - +0 leather armour
rPois   inf          (no helmet)
rElec   .            (no cloak)
rCorr   .            (no gloves)
SInv    .            (boots unavailable)
Will    .....        (no amulet)
Stlth   +            (no ring)
HPRegen 0.23/turn    (no ring)
MPRegen 0.00/turn

%: infuse magic (-2 HP)
@: flying
A: sickness immunity, fire resistance 2, cold vulnerability 1, float, innate
caster, HP casting, extra vitality 1
a: no special abilities


You were on level 1 of the Dungeon.
You visited 1 branch of the dungeon, and saw 1 of its levels.

You collected 23 gold pieces.


Innate Abilities, Weirdness & Mutations

You are immune to sickness and miasma.
You are immune to poison.
Your flesh is very heat resistant. (rF++)
You are vulnerable to cold. (rC-)
You float through the air rather than walking.
You learn spells naturally, not from books.
Your magical power is your life essence.
You have superior vitality. (+4 MHP)


   Skills:
 - Level 2.0 Fighting
 + Level 3.5 Ranged Weapons
 - Level 2.1 Dodging
 - Level 0.7 Stealth You didn't know any spells. Your spell library was empty.

Inventory:

Hand Weapons
 a - a +0 shortbow (weapon)
Armour
 c - a +0 leather armour (worn)
 d - a +0 ring mail
Scrolls
 b - a scroll of butterflies
 e - a scroll of revelation {unknown}
 f - 2 scrolls of blinking {unknown}
Potions
 g - a potion of attraction {unknown}

Dungeon Overview and Level Annotations

Branches:
Dungeon (1/15)

Altars:


Message History

The kobold is severely wounded.
The kobold hits you with a +0 dagger.
You shoot an arrow. The arrow hits the kobold.
You kill the kobold!
You start resting.
HP restored.
f - 2 scrolls labelled ISSEG SOINLAI
Things that are here:
a +0 dagger; a kobold corpse
g - a fuming ruby potion
Found an escape hatch in the floor.
You reach down and open the door.
Found a whip.
There is an open door here.
A goblin comes into view. It is wielding a +0 club.
The goblin shouts!
You see here a +0 whip.
You shoot an arrow. The arrow closely misses the goblin.
You shoot an arrow. The arrow closely misses the goblin.
The goblin hits you with a +0 club.
An endoplasm comes into view.
You shoot an arrow. The arrow misses the goblin.
The goblin hits you with a +0 club.
You shoot an arrow. The arrow hits the goblin.
The goblin is severely wounded.
The goblin hits you with a +0 club.
You shoot an arrow. The arrow barely misses the goblin.
The arrow hits the endoplasm.
The endoplasm is moderately wounded.
The endoplasm jiggles.
The goblin hits you with a +0 club.
You shoot an arrow.
The arrow hits the goblin but does no damage.
The goblin is heavily wounded.
The goblin barely misses you. The endoplasm barely misses you.
The goblin hits you with a +0 club.
You shoot an arrow. The arrow completely misses the goblin.
The endoplasm freezes you.
You are frozen!
You feel a terrible chill! The goblin hits you with a +0 club.
You die...

####.. ...... .### ...... ...#
#.......# ...... #..#
#.>.....# ####.. ... ........+
...... #.# #......^# ######
#.g##.......#...
#J@#.......#....
##.#.......#.....
##'#.......#.....
#....####+##.....##
#....####.# .......
#.........# .......
############.........#####....
#..............).........+....
#...................######....


You could see an endoplasm and a goblin.

Vanquished Creatures
  An endoplasm (D:1)
  A hobgoblin (D:1)
  A frilled lizard (D:1)
  2 kobolds (D:1)
5 creatures vanquished.

Notes
Turn   | Place    | Note
-------+----------+-------------------------------------------
     0 | D:1      | qw the Djinni Hunter began the quest for the Orb.
     0 | D:1      | Reached XP level 1. HP: 18/18 MP: 0/0
     0 | D:1      | 0 ||| qw: Version: 0.3-a-136-gdd3b4e8
     0 | D:1      | 0 ||| qw: Game counter: 993
     0 | D:1      | 0 ||| qw: Melee chars always use a shield: true
     0 | D:1      | 0 ||| qw: God list: Okawaru
     0 | D:1      | 0 ||| qw: Allow faded altars: false
     0 | D:1      | 0 ||| qw: Do Orc after clearing Dungeon:15 true
     0 | D:1      | 0 ||| qw: Do second Lair branch before Depths: true
     0 | D:1      | 0 ||| qw: Lair rune preference: random
     0 | D:1      | 0 ||| qw: Goals: Normal
     0 | D:1      | 0 ||| PLANNING D:1-11
   154 | D:1      | HP: 1/18 [frozen (7)]
   154 | D:1      | Slain by a goblin

Levels and vault maps discovered:
D:1:      ncdulo_smallfort, layout_basic, minmay_bisected

Action                     || total
---------------------------++-------
   Fire: Shortbow          ||    20
 Armour: Leather armour    ||     9
  Dodge: Dodged            ||     4

Table legend:
 A = Non-vault XP
 B = Vault XP
 C = Vault XP percentage of total XP
 D = Non-vault monster count
 E = Vault monster count
 F = Vault count percentage of total count
                 A         B        C        D         E       F
            +---------+---------+-------+---------+---------+-------
      Total |       7 |       0 |   0.0 |       5 |       0 |   0.0
            +---------+---------+-------+---------+---------+-------
        D:1 |       7 |       0 |   0.0 |       5 |       0 |   0.0
            +---------+---------+-------+---------+---------+-------
